 Dungeon Crawl Stone Soup version 0.19.4-8-ga85b6b9 (webtiles) character file.

7800 Oerse the Whirler (level 11, -1/78 HPs)
             Began as a Halfling Hunter on Feb 13, 2017.
             Was an Elder of Okawaru.
             Slain by an orc warrior
             ... wielding a cursed -2 war axe
             ... led by an orc warlord
              (13 damage)
             ... on level 1 of the Orcish Mines on Feb 14, 2017.
             The game lasted 02:42:33 (14122 turns).

Oerse the Whirler (Halfling Hunter)                Turns: 14122, Time: 02:42:34

Health: -1/78      AC: 12    Str: 21    XL:     11   Next: 44%
Magic:  11/11      EV: 18    Int:  9    God:    Okawaru [****..]
Gold:   539        SH:  2    Dex: 23    Spells: 1 memorised, 9 levels left

rFire  . . .     SeeInvis +     a - +1 hunting sling
rCold  . . .     Gourm    .     H - +5 ring mail of Duck's Teeth {*Slow Str+8}
rNeg   . . .     Faith    .     (shield restricted)
rPois  .         Spirit   .     Q - +0 helmet
rElec  .         Reflect  +     (no cloak)
rCorr  .         Harm     .     (no gloves)
MR     .....                    (no boots)
Stlth  ++........               c - +2 amulet of reflection
                                x - ring of see invisible
                                u - +4 ring of dexterity

@: no status effects
A: mutation resistance 1
a: Heroism, Renounce Religion


You were on level 1 of the Orcish Mines.
You worshipped Okawaru.
Okawaru was greatly pleased with you.
You were not hungry.

You visited 3 branches of the dungeon, and saw 12 of its levels.

You collected 871 gold pieces.
You spent 332 gold pieces at shops.

Inventory:

Hand Weapons
 a - a +1 hunting sling (weapon)
 f - a +1 mace of protection
 i - a +2 dagger of draining
 n - a +0 spear of piercing
 t - a +2 dagger of venom
 B - a +0 blowgun
 C - a +1 shortbow of velocity
 F - a +1 whip of draining
 U - a +1 war axe of venom
Missiles
 m - 310 stones (quivered)
 G - 36 poisoned needles
 I - 104 arrows
Armour
 d - a +1 robe of cold resistance
 o - a +1 shield
 H - the +5 ring mail of Duck's Teeth (worn) {*Slow Str+8}
   (You found it on level 5 of the Dungeon)

   It affects your strength (+8).
   It may slow you when you take damage.
 N - the +4 ring mail of Shadows and Fog {rElec}
   (You found it on level 7 of the Dungeon)

   It insulates you from electricity.
 Q - a +0 helmet (worn)
 Z - a +1 robe of fire resistance
Jewellery
 c - a +2 amulet of reflection (around neck)
 p - an uncursed ring of protection from magic
 u - a +4 ring of dexterity (left hand)
 x - a ring of see invisible (right hand)
 D - an uncursed amulet of regeneration
 W - a +4 ring of strength
 Y - an uncursed ring of resist corrosion
Wands
 b - a wand of acid (15/15)
 j - a wand of slowing (29/48)
 s - a wand of teleportation (4/9)
 v - a wand of confusion (26/48)
 S - a wand of random effects (17/48)
Scrolls
 e - 5 scrolls of teleportation
 k - 3 scrolls of noise
 w - 2 scrolls of amnesia
 y - a scroll of fog {unknown}
 K - a scroll of blinking {unknown}
 L - a scroll of recharging
 O - a scroll of identify
Potions
 h - a potion of mutation {unknown}
 l - 5 potions of magic
 q - a potion of invisibility
 r - 2 potions of curing
 z - a potion of resistance
 E - 3 potions of flight
 J - a potion of agility {unknown}
 M - a potion of beneficial mutation {unknown}
 P - a potion of heal wounds {unknown}
 T - a potion of cure mutation {unknown}
 X - a potion of degeneration {unknown}
Books
 V - a book of Party Tricks

   Spells                             Type                      Level
   a - Summon Butterflies             Summoning                    1
   b - Apportation                    Translocation                1
   c - Lesser Beckoning               Translocation                3
   d - Tukima's Dance                 Hexes                        3
   e - Alistair's Intoxication        Transmutation/Poison         5
   f - Invisibility                   Hexes                        6
Comestibles
 g - 5 fruits
 A - 6 bread rations


   Skills:
 + Level 8.4 Fighting
 + Level 15.7(15.8) Slings
 + Level 4.3 Bows
 + Level 0.2(7.5) Throwing
 + Level 5.8 Armour
 + Level 5.1 Dodging
 + Level 3.2 Stealth
 + Level 3.3 Shields
 + Level 0.1 Spellcasting
 + Level 0.4 Evocations


You had 9 spell levels left.
You knew the following spells:

 Your Spells              Type           Power        Failure   Level  Hunger
a - Summon Butterflies    Summ           #.......     67%         1    ##.....


Dungeon Overview and Level Annotations

Branches:
Dungeon (10/15)            Temple (1/1) D:6             Orc (1/2) D:10
   Lair: D:8-11

Altars:
Ashenzari
Cheibriados
Dithmenos
Elyvilon
Fedhas
Gozag
Hepliaklqana
Kikubaaqudgha
Makhleb
Nemelex Xobeh
Okawaru
Qazlal
Ru
Sif Muna
Trog
Uskayaw
Vehumet
Xom
Yredelemnul
Zin
The Shining One

Shops:
D:8 =(![*   D:9 [

Annotations:
D:7 Menkaure


Innate Abilities, Weirdness & Mutations

You are small and have problems with some larger weapons.
You are somewhat resistant to further mutation.


Message History

The orc no longer looks unusually strong.
The orc warlord roars a battlecry!
The orc goes into a battle-frenzy!
The orc warlord hits you with a great mace!!!
* * * LOW HITPOINT WARNING * * *
The orc warrior no longer looks unusually strong.
The orc warlord roars a battlecry!
The orc warrior goes into a battle-frenzy!
The orc barely misses you. The orc misses you.
The orc throws a stone.
The stone hits you but does no damage.
You see here a stone.
The orc completely misses you.
The orc no longer looks unusually strong.
The orc warlord roars a battlecry!
The orc goes into a battle-frenzy!
The orc warrior barely misses you.
There is a staircase back to the Dungeon, spattered with blood here.
The orc warrior hits you with a war axe!
You die...

##.###.......###
#............#.##
#...............#
##.#............# ###
#...##.#.......#####.## .
##.#[........####.#...#
........####..........###......#
........##.##..).o(o...###.##.##
...............#@oo...#.#......#
......#.#...#..#.).........##.##
......##...................####
.....###...................##
....###......(..............#
.......)([)...#..........#.##
...(.)(.##((..((....#....#.#
.........#...........#..#...#
........#...##.......#.###.##


You could see an orc warlord, an orc warrior and 2 orcs.

Vanquished Creatures
  Erolcha (D:10)
  Joseph (D:8)
  2 trolls
  A hornet (D:10)
  A hippogriff (D:7)
  Eustachio (D:6)
  A wraith (D:10)
  3 wargs (D:10)
  A mottled dragon (D:7)
  3 water moccasins
  2 black bears
  2 ice beasts
  6 orc warriors
  3 sky beasts
  10 ogres
  2 necrophages
  A crocodile (D:7)
  2 centaurs
  4 phantoms
  2 big kobolds (D:10)
  Blork the orc (D:6)
  2 bullfrogs
  A scorpion (D:5)
  4 crimson imps
  3 quasits
  2 centaur zombies
  6 orc priests
  2 gnoll shamans (D:8)
  4 hounds
  A jelly (D:5)
  11 orc wizards
  A centaur skeleton (D:8)
  A bullfrog skeleton (D:9)
  3 iguanas
  5 worker ants
  A hound zombie (D:8)
  A hound skeleton (D:5)
  A worker ant zombie (D:6)
  10 gnolls
  14 adders
  An adder skeleton (D:8)
  An adder zombie (D:9)
  A worm (D:2)
  A dart slug (D:4)
  A leopard gecko (D:3)
  61 orcs
  4 ball pythons
  11 giant cockroaches
  7 goblins
  10 hobgoblins
  10 jackals
  21 kobolds
  4 quokkas
  9 bats
  9 frilled lizards
  A jackal zombie (D:8)
  A leopard gecko skeleton (D:6)
  A quokka skeleton (D:6)
  6 rats
283 creatures vanquished.

Vanquished Creatures (others)
  A plant (D:8)
1 creature vanquished.

Grand Total: 284 creatures vanquished

Notes
Turn   | Place    | Note
-------+----------+-------------------------------------------
     0 | D:1      | Oerse the Halfling Hunter began the quest for the Orb.
     0 | D:1      | Reached XP level 1. HP: 14/14 MP: 1/1
     8 | D:1      | Reached skill level 6 in Slings
   382 | D:1      | Reached XP level 2. HP: 19/19 MP: 2/2
   716 | D:1      | Reached XP level 3. HP: 19/24 MP: 3/3
   835 | D:1      | Reached skill level 7 in Slings
  1467 | D:2      | Reached XP level 4. HP: 22/29 MP: 4/4
  2391 | D:3      | Reached skill level 8 in Slings
  2528 | D:3      | Reached XP level 5. HP: 19/35 MP: 5/5
  3044 | D:3      | Reached skill level 1 in Armour
  3749 | D:4      | Reached XP level 6. HP: 41/41 MP: 6/6
  4360 | D:5      | Entered Level 5 of the Dungeon
  4436 | D:5      | Reached skill level 9 in Slings
  4611 | D:5      | Noticed an ogre
  4640 | D:5      | Killed an ogre
  4640 | D:5      | Reached skill level 1 in Shields
  4640 | D:5      | Reached XP level 7. HP: 33/46 MP: 7/7
  4898 | D:5      | Got a slimy ring mail
  4980 | D:5      | Reached skill level 10 in Slings
  5051 | D:5      | Noticed a water moccasin
  5083 | D:5      | Killed a water moccasin
  5265 | D:5      | Reached XP level 8. HP: 54/54 MP: 8/8
  5310 | D:5      | Reached skill level 11 in Slings
  6352 | D:6      | Found a staircase to the Ecumenical Temple.
  6371 | D:6      | Noticed Blork the orc
  6390 | D:6      | Killed Blork the orc
  6461 | D:6      | Identified the +5 ring mail of Duck's Teeth {*Slow Str+8} (You found it on level 5 of the Dungeon)
  6625 | D:6      | Noticed Eustachio
  6659 | D:6      | Killed Eustachio
  6659 | D:6      | Reached skill level 12 in Slings
  7039 | D:6      | Reached XP level 9. HP: 60/60 MP: 9/9
  7546 | D:6      | Reached skill level 5 in Fighting
  7693 | Temple   | Entered the Ecumenical Temple
  7886 | Temple   | Became a worshipper of Warmaster Okawaru
  8158 | D:7      | Reached skill level 1 in Bows
  8244 | D:7      | Got a shimmering ring mail
  8434 | D:7      | Reached skill level 13 in Slings
  8483 | D:7      | Noticed a hippogriff
  8500 | D:7      | Killed a hippogriff
  8500 | D:7      | Reached * piety under Okawaru
  9147 | D:7      | Reached ** piety under Okawaru
  9147 | D:7      | Reached XP level 10. HP: 68/68 MP: 10/10
  9209 | D:7      | Noticed Menkaure
  9290 | D:7      | Identified the +4 ring mail of Shadows and Fog {rElec} (You found it on level 7 of the Dungeon)
  9374 | D:8      | Found Ecyc's Weapon Emporium.
  9465 | D:8      | Bought 26 sling bullets for 182 gold pieces
  9690 | D:8      | Found Ukoik's Armour Shoppe.
  9788 | D:8      | Found Edgheb's Assorted Antiques.
  9850 | D:8      | Found Fudeeq's Distillery.
  9933 | D:8      | Found Zadix's Jewellery Shop.
 10065 | D:8      | Noticed Joseph
 10510 | D:8      | Reached skill level 14 in Slings
 10588 | D:8      | Killed Joseph
 10588 | D:8      | Reached *** piety under Okawaru
 10588 | D:8      | Reached skill level 5 in Armour
 10711 | D:8      | Bought an uncursed ring of see invisible for 150 gold pieces
 11070 | D:9      | Found Reuseppi's Armour Emporium.
 11806 | D:9      | Reached **** piety under Okawaru
 11943 | D:10     | Entered Level 10 of the Dungeon
 11982 | D:10     | Noticed Erolcha
 12006 | D:10     | Killed Erolcha
 12006 | D:10     | Reached XP level 11. HP: 75/75 MP: 11/11
 12011 | D:10     | Reached skill level 15 in Slings
 12029 | D:10     | Found a staircase to the Orcish Mines.
 12116 | D:10     | Learned a level 1 spell: Summon Butterflies
 12165 | D:10     | Paralysed by a hornet for 1 turns
 12172 | D:10     | Reached skill level 5 in Dodging
 13383 | Orc:1    | Entered Level 1 of the Orcish Mines
 13406 | Orc:1    | Received a gift from Okawaru
 14066 | Orc:1    | Noticed an orc warlord
 14122 | Orc:1    | Slain by an orc warrior

Skill      XL: |  1  2  3  4  5  6  7  8  9 10 11 |
---------------+----------------------------------+-----
Slings         | 6 7 8 9 10 12 13 14 15 | 15.7
Fighting       | 2 3 4 6 7 8 |  8.4
Armour         | 1 3 5 |  5.8
Shields        | 1 2 3 |  3.3
Dodging        | 3 4 5 |  5.1
Stealth        | 2 3 |  3.2
Bows           | 3 4 |  4.3
Throwing       | |  0.2
Spellcasting   | |  0.1
Evocations     | |  0.4

Action                   |  1- 3 |  4- 6 |  7- 9 | 10-12 || total
-------------------------+-------+-------+-------+-------++-------
Melee: Flail             |       |     7 |       |       ||     7
       Hunting sling     |       |       |     2 |       ||     2
       Dagger            |       |       |       |     2 ||     2
 Fire: Hunting sling     |   104 |   232 |   316 |   570 ||  1222
       Shortbow          |       |       |    20 |     8 ||    28
Throw: Stone             |       |     2 |       |       ||     2
Evoke: Wand              |       |     1 |       |     1 ||     2
  Use: Scroll            |       |     4 |     3 |     9 ||    16
       Potion            |       |       |       |     2 ||     2
  Eat: Bread ration      |     1 |       |       |       ||     1
       Chunk             |       |     6 |     3 |     1 ||    10
       Meat ration       |       |       |     2 |     2 ||     4
       Beef jerky        |       |       |     1 |     1 ||     2
       Fruit             |       |       |       |     2 ||     2
Armor: Leather armour    |    12 |    16 |       |       ||    28
       Robe              |       |       |     3 |       ||     3
       Ring mail         |       |       |    22 |    52 ||    74
Dodge: Dodged            |    37 |    74 |    60 |   165 ||   336
Block: Buckler           |       |    11 |    14 |       ||    25
       Other             |       |       |     3 |    19 ||    22
       Shield            |       |       |       |    12 ||    12
       Reflection        |       |       |       |     6 ||     6
